 Dungeon Crawl Stone Soup version 0.26.0-91-g99b343417d (webtiles) character file.

Game seed: 1882577925347976946

22795 Gadfly the Cleaver (level 13, -19/98 HPs)
             Began as a Formicid Fighter on Feb 3, 2021.
             Was the Champion of Okawaru.
             Killed from afar by a wizard (42 damage)
             ... with a crystal spear
             ... in a volcano.
             The game lasted 00:28:41 (17752 turns).

Gadfly the Cleaver (Formicid Fighter)              Turns: 17752, Time: 00:28:41

Health: -19/98     AC: 21    Str: 31    XL:     13   Next: 30%
Magic:  18/18      EV:  8    Int: 12    God:    Okawaru [******]
Gold:   448        SH: 13    Dex: 15    Spells: 12/12 levels left

rFire    + . .     SeeInvis +   a - +0 broad axe (elec)
rCold    . . .     Faith    +   c - +0 kite shield
rNeg     . . .     Spirit   .   f - +1 plate armour
rPois    +         Reflect  .   (helmet unavailable)
rElec    +         Harm     +   t - +0 cloak
rCorr    .         Rampage  .   F - +0 pair of gloves "Tiyrahis" {-Cast Harm Will++ Dex+4}
Will     +++..     NoCast   +   p - +0 pair of boots
Stlth    ..........             J - amulet of faith
HPRegen  0.26/turn              w - +6 ring of strength
MPRegen  0.16/turn              H - ring "Yshrar" {rF+ Str+2 Int+2}

@: no status effects
A: permanent stasis, dig shafts and tunnels, four strong arms, antennae 3, icy
blue scales 1, low mp 1, poison resistance, electricity resistance, evolution 1
a: Dig, Renounce Religion, Heroism, Finesse


You were in a volcano.
You worshipped Okawaru.
Okawaru was exalted by your worship.
You visited 3 branches of the dungeon, and saw 14 of its levels.
You also visited: Gauntlet and Volcano.

You collected 780 gold pieces.
You spent 332 gold pieces at shops.

Inventory:

Hand Weapons
 a - a +0 broad axe of electrocution (weapon)
 b - a +2 broad axe of flaming
 G - the +1 executioner's axe "Udodohul" {flame, rN++ Will+ SInv}
   (Okawaru gifted it to you on level 11 of the Dungeon)

   It has been specially enchanted to burn those struck by it, causing extra
   injury to most foes and up to half again as much damage against particularly
   susceptible opponents.
   Big, fiery blades are also staple armaments of hydra-hunters.
   It greatly protects you from negative energy.
   It affects your willpower, your defense against some magical effects.
   It lets you see invisible.
Missiles
 i - 222 bolts
Armour
 c - a +0 kite shield (worn)
 f - a +1 plate armour (worn)
 h - the +0 tower shield "Louts" {rElec rPois Dex+3}
   (You acquired it on level 1 of the Lair of Beasts)

   It affects your dexterity (+3).
   It insulates you from electricity.
   It protects you from poison.
 p - a +0 pair of boots (worn)
 t - a +0 cloak (worn)
 F - the +0 pair of gloves "Tiyrahis" (worn) {-Cast Harm Will++ Dex+4}
   (You bought it in a shop on level 9 of the Dungeon)

   It affects your dexterity (+4).
   It affects your willpower, your defense against some magical effects.
   It prevents spellcasting.
   It increases damage dealt and taken.
Jewellery
 w - a +6 ring of strength (left hand)
 C - the ring of the Hidden Places {rElec rC+++ MP+9 Stlth-}
   (You found it on level 7 of the Dungeon)

   [ring of magical power]

   It renders you almost immune to cold.
   It insulates you from electricity.
   It affects your magic capacity (+9).
   It makes you less stealthy.
 H - the ring "Yshrar" (right hand) {rF+ Str+2 Int+2}
   (You found it in a Gauntlet)

   [ring of protection from fire]

   It affects your strength (+2).
   It affects your intelligence (+2).
   It protects you from fire.
 I - an uncursed ring of positive energy
 J - an amulet of faith (around neck)
Wands
 e - a wand of iceblast (5)
 q - a wand of random effects (35) (quivered)
 r - a wand of enslavement (9)
 s - a wand of disintegration (33)
 u - a wand of acid (17)
 v - a wand of polymorph (20)
Scrolls
 k - 5 scrolls of remove curse
 l - 3 scrolls of magic mapping
 o - 7 scrolls of enchant armour
 z - 4 scrolls of enchant weapon
 B - 2 scrolls of fog
Potions
 d - a potion of might
 g - 3 potions of flight
 j - 2 potions of resistance
 n - 3 potions of curing
 x - 2 potions of ambrosia
 D - a potion of heal wounds
Miscellaneous
 y - a tin of tremorstones (2/2)


   Skills:
 + Level 8.2 Fighting
 * Level 9.8 Axes
 * Level 9.6 Crossbows
 * Level 9.0 Armour
 + Level 9.0 Shields
 * Level 9.6 Invocations
 + Level 9.0 Evocations


You had 12 spell levels left.
You didn't know any spells.
Your spell library contained the following spells:

 Spells                   Type           Power        Failure   Level
 Animate Skeleton         Necr           0%           93%         1
 Apportation              Tloc           0%           93%         1
 Corona                   Hex            0%           93%         1
 Magic Dart               Conj           0%           93%         1
 Summon Small Mammal      Summ           0%           93%         1
 Call Imp                 Summ           0%           98%         2
 Slow                     Hex            0%           98%         2
 Confusing Touch          Hex            0%           100%        3
 Conjure Flame            Conj/Fire      0%           100%        3
 Gell's Gravitas          Tloc           0%           100%        3
 Mephitic Cloud           Conj/Pois/Air  0%           100%        3
 Ice Form                 Ice/Tmut       0%           100%        4
 Petrify                  Tmut/Erth      0%           100%        4
 Bolt of Magma            Conj/Fire/Erth 0%           100%        5
 Iskenderun's Battlesphe  Conj           0%           100%        5
 Metabolic Englaciation   Hex/Ice        0%           100%        5
 Yara's Violent Unravell  Hex/Tmut       0%           100%        5
 Freezing Cloud           Conj/Ice/Air   0%           100%        6
 Iron Shot                Conj/Erth      0%           100%        6
 Ozocubu's Refrigeration  Ice            0%           100%        6
 Simulacrum               Ice/Necr       0%           100%        6
 Orb of Destruction       Conj           0%           100%        7
 Spellforged Servitor     Conj/Summ      0%           100%        7
 Blink                    Tloc           Unusable     N/A         2

Dungeon Overview and Level Annotations

Branches:
Dungeon (11/15)            Temple (1/1) D:4            Lair (2/6) D:9
 Spider (0/4) Lair:2          Orc (0/2) D:11        Volcano (1/1)
Gauntlet (visited)
  Swamp: Lair:2-4    Shoals: Lair:2-4

Altars:
Ashenzari
Cheibriados
Dithmenos
Elyvilon
Fedhas
Gozag
Hepliaklqana
Kikubaaqudgha
Makhleb
Nemelex Xobeh
Okawaru
Qazlal
Ru
Sif Muna
Trog
Uskayaw
Vehumet
Wu Jian
Xom
Yredelemnul
Zin
The Shining One

Shops:
D:9 [:

Annotations:
D:8 1 runed translucent door, kaeus's ghost, novice MiAK


Innate Abilities, Weirdness & Mutations

You cannot be hasted, slowed, berserked, paralysed or teleported.
You can dig through walls and to a lower floor.
Your four strong arms can wield two-handed weapons with a shield.
You have a pair of large antennae on your head. (SInv)
You are partially covered in icy blue scales. (AC +2)
Your magical capacity is low. (-10% MP)
Your system is resistant to poisons. (rPois)
You are resistant to electric shocks. (rElec)
You evolve.


Message History

You're standing in a cloud of flame!
You are engulfed in blazing flames.
You resist.
There is an open door here.
You are engulfed in blazing flames.
You resist.
The wizard is engulfed in blazing flames.
The wizard gestures wildly while chanting.
The wizard seems to speed up.
The wizard is engulfed in blazing flames.
You start resting.
A wizard is nearby!
You block the wizard's attack.
The wizard points at you and mumbles some strange words.
The crystal spear hits you!!!
Ouch! That really hurt!
* * * LOW HITPOINT WARNING * * *
The wizard gestures wildly while chanting.
The wizard blinks!
The wizard gestures at you while chanting.
The crystal spear hits you!!
You die...

{ §§ ############# ##
+○.°..#.°○○○○ #.
#.∩.'☼○p○○☼ #.
###.p.#°○.... #.
##.##'###############
##..#8.#.....)#.).#.#.
##...'p###'#'#####'#.'.
#≈§§≈..#@..............#.
##§§≈≈≈##################
#§≈§≈§§§§§§§§≈≈≈≈≈§≈≈≈§≈≈§
##≈§§§§≈≈§≈≈§§§§≈≈§§§§§§≈§
##≈≈§§§§≈≈###≈≈##≈§§○≈§≈≈
##≈≈≈≈≈### ######§§§○≈≈§
##≈≈### ###§≈≈≈≈ ###
##§≈≈§


You could see a toenail golem and 2 wizards.

Vanquished Creatures
  A minotaur (Gauntlet)
  A hydra (Lair:1)
  Harold (D:6)
  Sonja (D:11)
  A death drake (Gauntlet)
  3 wizards (Volcano)
  Pikel (D:8)
  A wolf spider zombie (Gauntlet)
  2 ugly things
  A centaur zombie (Gauntlet)
  A black mamba (Lair:1)
  A spectral centaur (Gauntlet)
  2 toenail golems (Volcano)
  3 centaur skeletons
  6 cane toads
  Maggie (Lair:2)
  2 komodo dragons (Lair:1)
  A wandering mushroom (Lair:1)
  A troll (D:8)
  4 blink frogs (Lair:1)
  Prince Ribbit (D:6)
  A hornet (D:10)
  A raiju (Gauntlet)
  8 flying skulls (Gauntlet)
  15 yaks
  Sigmund (D:4)
  2 basilisks
  A steam dragon (Gauntlet)
  An acid dragon (D:10)
  Duvessa (D:7)
  2 orc warriors (D:7)
  3 ice beasts
  A phantom (D:9)
  3 sky beasts
  3 ogres
  6 centaurs
  13 wolves
  A lemure (D:9)
  Blork the orc (D:6)
  7 bullfrogs
  Dowan (D:7)
  A water moccasin zombie (D:10)
  3 scorpions
  A wyvern skeleton (D:10)
  4 killer bees (D:10)
  4 wights (D:10)
  4 howler monkeys
  2 vampire bats (D:10)
  3 bullfrog zombies
  5 hounds
  A jelly (D:6)
  5 orc priests
  Crazy Yiuf (D:3)
  A gnoll shaman (D:9)
  4 orc wizards
  2 bullfrog skeletons
  2 iguanas
  Terence (D:3)
  4 worker ants
  3 hound skeletons
  A worker ant zombie (D:8)
  Robin (D:3)
  A howler monkey skeleton (D:10)
  14 gnolls
  10 adders
  2 shadow imps
  2 white imps
  An ufetubus (D:10)
  2 adder skeletons (D:5)
  5 worms
  3 dart slugs
  5 leopard geckos
  28 orcs
  7 giant cockroaches
  16 goblins
  10 hobgoblins
  10 jackals
  3 quokkas
  A ball python (D:1)
  18 bats
  4 frilled lizards
  11 kobolds
  A leopard gecko skeleton (D:7)
  28 rats
343 creatures vanquished.

Vanquished Creatures (others)
  A centaur (D:7)
  2 fungi (Lair:2)
  6 plants
9 creatures vanquished.

Grand Total: 352 creatures vanquished

Notes
Turn   | Place    | Note
-------+----------+-------------------------------------------
     0 | D:1      | Gadfly the Formicid Fighter began the quest for the Orb.
     0 | D:1      | Reached XP level 1. HP: 18/18 MP: 1/1
   162 | D:1      | Reached XP level 2. HP: 10/24 MP: 2/2
   424 | D:1      | Reached skill level 1 in Evocations
   888 | D:1      | Reached skill level 1 in Invocations
  1288 | D:2      | Reached XP level 3. HP: 21/28 MP: 3/3
  1291 | D:2      | Reached skill level 1 in Crossbows
  1563 | D:2      | Reached XP level 4. HP: 34/35 MP: 5/5
  2379 | D:2      | Gained mutation: You evolve. [potion of mutation]
  2379 | D:2      | Gained mutation: You do not regenerate when monsters are
                  | visible. [potion of mutation]
  2379 | D:2      | Gained mutation: You are partially covered in icy blue
                  | scales. (AC +2) [potion of mutation]
  2428 | D:3      | Noticed Robin
  2452 | D:3      | Reached XP level 5. HP: 41/41 MP: 6/6
  2476 | D:3      | Killed Robin
  2840 | D:3      | Reached XP level 6. HP: 27/48 MP: 7/7
  3031 | D:3      | Noticed Terence
  3055 | D:3      | Killed Terence
  3275 | D:3      | Found a runed translucent door.
  3276 | D:3      | Noticed Crazy Yiuf
  3413 | D:3      | Killed Crazy Yiuf
  3965 | D:4      | Reached XP level 7. HP: 47/53 MP: 9/9
  4197 | D:4      | Noticed Sigmund
  4205 | D:4      | Killed Sigmund
  4215 | D:4      | Found a staircase to the Ecumenical Temple.
  4241 | Temple   | Entered the Ecumenical Temple
  4408 | Temple   | Became a worshipper of Warmaster Okawaru
  4867 | D:4      | Reached XP level 8. HP: 60/60 MP: 9/11
  5022 | D:5      | Entered Level 5 of the Dungeon
  5122 | D:5      | Found a bloodstained altar of Trog.
  5179 | D:5      | Reached * piety under Okawaru
  5271 | D:5      | Reached skill level 5 in Shields
  5357 | D:5      | Found a sacrificial altar of Ru.
  6855 | D:6      | Noticed Blork the orc
  6868 | D:6      | Killed Blork the orc
  7020 | D:6      | Noticed Prince Ribbit
  7045 | D:6      | Killed Prince Ribbit
  7045 | D:6      | Reached ** piety under Okawaru
  7046 | D:6      | Reached skill level 5 in Invocations
  7046 | D:6      | Reached XP level 9. HP: 20/67 MP: 12/12
  7458 | D:6      | Found a glowing silver altar of Zin.
  7750 | D:7      | Noticed Harold
  7771 | D:6      | Reached skill level 5 in Axes
  7771 | D:6      | Reached skill level 5 in Armour
  7895 | D:6      | Reached skill level 5 in Evocations
  7909 | D:6      | Killed Harold
  7910 | D:6      | Reached skill level 5 in Fighting
  7910 | D:6      | Reached skill level 5 in Crossbows
  7939 | D:6      | HP: 3/68 [poisoned by Harold]
  7947 | D:6      | HP: 3/68 [poisoned by Harold]
  8294 | D:7      | Reached *** piety under Okawaru
  8388 | D:7      | Noticed Duvessa
  8389 | D:7      | Noticed Dowan
  8397 | D:7      | Killed Duvessa
  8398 | D:7      | Reached XP level 10. HP: 61/74 MP: 14/14
  8399 | D:7      | Killed Dowan
  8403 | D:7      | Gained mutation: Your system is resistant to poisons.
                  | (rPois) [evolution]
  8560 | D:7      | Identified the ring of the Hidden Places {rElec rC+++ MP+9
                  | Stlth-}
 10056 | D:8      | Found a runed translucent door.
 10056 | D:8      | Found a shimmering altar of Xom.
 10056 | D:8      | Noticed kaeus's ghost (novice MiAK)
 10057 | D:8      | Noticed a +1 rapier of chaos
 10271 | D:9      | Noticed Pikel
 10283 | D:8      | Killed Pikel
 10283 | D:8      | Reached **** piety under Okawaru
 10283 | D:8      | Received a gift from Okawaru
 10568 | D:9      | Found Iceosa's Antique Armour Boutique.
 10576 | D:9      | Bought a pair of translucent gloves for 332 gold pieces
 10586 | D:9      | Identified the cursed +0 pair of gloves "Tiyrahis" {-Cast
                  | Harm Will++ Dex+4} (You bought it in a shop on level 9 of
                  | the Dungeon)
 10695 | D:9      | Found Umeemoy's Book Emporium.
 10881 | D:9      | Found a staircase to the Lair.
 11219 | D:10     | Entered Level 10 of the Dungeon
 11317 | D:10     | Gained mutation: You are resistant to electric shocks.
                  | (rElec) [evolution]
 11622 | D:10     | Reached XP level 11. HP: 53/81 MP: 16/16
 12061 | D:10     | Noticed a green ugly thing
 12069 | D:10     | Killed a green ugly thing
 12069 | D:10     | Received a gift from Okawaru
 12172 | D:10     | Reached ***** piety under Okawaru
 12410 | D:11     | Found a staircase to the Orcish Mines.
 12533 | D:11     | Noticed a white ugly thing
 12534 | D:11     | Received a gift from Okawaru
 12551 | D:11     | Killed a white ugly thing
 12581 | D:11     | Got a twisted executioner's axe {god gift}
 12631 | D:11     | Identified the +1 executioner's axe "Udodohul" {flame, rN++
                  | Will+ SInv} (Okawaru gifted it to you on level 11 of the
                  | Dungeon)
 12761 | D:11     | Found a gate leading to a gauntlet.
 12775 | Gauntlet | Entered a Gauntlet
 12775 | Gauntlet | Found a transporter.
 12775 | Gauntlet | Found a transporter.
 12775 | Gauntlet | Noticed a necromancer
 12841 | Gauntlet | Found a transporter.
 12845 | Gauntlet | Found a transporter.
 12855 | Gauntlet | Found a transporter.
 12859 | Gauntlet | Found a transporter.
 12861 | Gauntlet | Noticed a thrashing horror
 12866 | Gauntlet | Noticed a six-headed hydra
 12871 | Gauntlet | Found a transporter.
 12890 | Gauntlet | Noticed a death drake
 12897 | Gauntlet | Found a transporter.
 12910 | Gauntlet | Noticed a thrashing horror
 12914 | Gauntlet | Found a transporter.
 12914 | Gauntlet | Found a transporter.
 12914 | Gauntlet | Found a transporter.
 12972 | Gauntlet | Found a transporter.
 13594 | Gauntlet | Got a smoking amber ring
 13601 | Gauntlet | Identified the ring "Yshrar" {rF+ Str+2 Int+2} (You found
                  | it in a Gauntlet)
 13666 | Gauntlet | Gained mutation: Your magical capacity is low. (-10% MP)
                  | [evolution]
 13696 | Gauntlet | Killed a death drake
 13782 | Gauntlet | Received a gift from Okawaru
 13783 | Gauntlet | Reached XP level 12. HP: 36/91 MP: 16/16
 14192 | Gauntlet | Noticed a minotaur
 14202 | Gauntlet | Killed a minotaur
 14589 | D:11     | Noticed Sonja
 14592 | D:11     | Killed Sonja
 15029 | Lair:1   | Entered Level 1 of the Lair of Beasts
 15119 | D:9      | Received a gift from Okawaru
 15470 | Lair:1   | Identified a scroll of acquirement
 15471 | Lair:1   | Acquired the +0 tower shield "Louts" {rElec rPois Dex+3}
 16391 | Lair:1   | Noticed a four-headed hydra
 16400 | Lair:1   | Killed a three-headed hydra
 16964 | Lair:1   | Lost mutation: You do not regenerate when monsters are
                  | visible. [evolution]
 16996 | Lair:2   | Noticed Maggie
 17003 | Lair:2   | Reached XP level 13. HP: 74/98 MP: 17/17
 17007 | Lair:2   | Killed Maggie
 17193 | Lair:2   | Found a dark tunnel.
 17240 | Volcano  | Entered a volcano
 17331 | Volcano  | Reached ****** piety under Okawaru
 17335 | Volcano  | Received a gift from Okawaru
 17718 | Volcano  | Received a gift from Okawaru
 17752 | Volcano  | Killed from afar by a wizard

Illustrated notes

Levels and vault maps discovered:
D:1:      amcnicky_arrival_underground_garden, layout_basic, nrook_mini_vaults
D:2:      layout_basic, minmay_rat_hole
D:3:      layout_rooms, wad_floor_pattern_1, uniq_terence,
          uniq_crazy_yiuf_cottage, uniq_robin
D:4:      layout_gridville, minmay_temple_entry_ruins, uniq_sigmund
D:5:      layout_layer_cave, basic_altar, minivault_24, trog_butcher_becter
D:6:      layout_loops_ring, general_overflow_altar, minmay_quadrilaterals,
          uniq_prince_ribbit1, uniq_blork_the_orc
D:7:      layout_cave_pools, minmay_manual_macuahuitl, uniq_harold, uniq_duvessa
D:8:      layout_loops_ring, ebering_ghost_xom
D:9:      layout_gridville, lair_entry_dummy, serial_shops,
          nicolae_shop_waterfront, nicolae_shop_waterfront,
          minmay_misc_feat_encased, uniq_pikel
D:10:     layout_loops_ring, roderic_batcave
D:11:     layout_rooms, david_orc_3, gauntlet_entry_generic, uniq_sonja
Temple:   roderic_octagonal_lattice_temple
Lair:1:   layout_long_grid, infiniplex_staircase_pool, lemuel_fruit_tree,
          minmay_lair_oklob_chamber, grunt_megastairs_2, serial_bayou_shore_b
Lair:2:   layout_loops_ring, spider_nest_entry_rubble, enter_volcano_1,
          uniq_maggie
Volcano:  volcano_bunker

Skill      XL: |  1  2  3  4  5  6  7  8  9 10 11 12 13 |
---------------+----------------------------------------+-----
Evocations     | 1 2 3 4 6 7 8 9 |  9.0
Invocations    | 1 2 3 4 5 6 7 9 |  9.6
Crossbows      | 1 2 3 4 5 6 8 9 |  9.6
Shields        | 4 5 6 7 8 9 |  9.0
Axes           | 3 4 5 7 8 9 |  9.8
Armour         | 4 5 6 7 8 9 |  9.0
Fighting       | 4 5 6 7 8 |  8.2

Action                   |  1- 3 |  4- 6 |  7- 9 | 10-12 | 13-15 || total
-------------------------+-------+-------+-------+-------+-------++-------
Melee: War axe           |    95 |   199 |       |     2 |       ||   296
       Whip              |    10 |       |       |       |       ||    10
       Broad axe         |       |    51 |   234 |   463 |    51 ||   799
       Executioner's axe |       |       |       |    11 |       ||    11
Invok: Heroism           |       |       |     2 |     3 |       ||     5
       Finesse           |       |       |       |     3 |       ||     3
 Abil: Dig               |     1 |     1 |       |     1 |       ||     3
Evoke: Wand              |       |     2 |     2 |    11 |       ||    15
  Use: Scroll            |     4 |     7 |     8 |    11 |     3 ||    33
       Potion            |     1 |     2 |     3 |     5 |       ||    11
 Stab: Invisible         |       |     2 |       |       |       ||     2
       Paralysed         |       |       |       |     2 |       ||     2
Armor: Scale mail        |    12 |       |       |       |       ||    12
       Plate armour      |    76 |   187 |   156 |   311 |    20 ||   750
       Skin              |       |       |     3 |       |       ||     3
Dodge: Dodged            |    37 |    40 |    77 |   149 |     9 ||   312
Block: Kite shield       |    57 |   145 |   145 |   368 |    23 ||   738
